 Dungeon Crawl Stone Soup version 0.31-a0-544-gceb718ecc6 (webtiles) character file.

Game seed: 16172362744510406544

5415 mopl the Cleaver (level 10, -1/88 HPs)
             Began as a Hill Orc Fighter on Aug 15, 2023.
             Was a Follower of Beogh.
             Killed from afar by a gargoyle (15 damage)
             ... with a stone arrow
             ... on level 9 of the Dungeon.
             The game lasted 00:08:41 (6999 turns).

mopl the Cleaver (Hill Orc Fighter)                 Turns: 6999, Time: 00:08:41

Health: -1/88      AC: 15    Str: 22    XL:     10   Next: 67%
Magic:  12/12      EV: 11    Int:  8    God:    Beogh [*.....]
Gold:   143        SH: 10    Dex: 12    Spells: 9/9 levels left

rFire   . . .        a - +0 war axe
rCold   . . .        b - +2 kite shield
rNeg    . . .        D - +2 swamp dragon scales
rPois   +            c - +0 helmet
rElec   .            G - +1 cloak {Stlth+}
rCorr   +            (no gloves)
SInv    .            (no boots)
Will    .....        (no amulet)
Stlth   ++           w - ring of resist corrosion
HPRegen 0.34/turn    (no ring)
MPRegen 0.13/turn

%: no passive effects
@: no status effects
A: no striking features
a: Renounce Religion


You were on level 9 of the Dungeon.
You worshipped Beogh.
Beogh was aware of your devotion.
You visited 1 branch of the dungeon, and saw 9 of its levels.

You collected 567 gold pieces.
You spent 424 gold pieces at shops.

Inventory:

Hand Weapons
 a - a +0 war axe (weapon)
 E - a +0 halberd of flaming
 H - a +0 battleaxe
Missiles
 t - 17 poisoned darts (quivered)
 A - 2 javelins
 J - a curare-tipped dart
Armour
 b - a +2 kite shield (worn)
 c - a +0 helmet (worn)
 e - a +0 scale mail of willpower
 D - +2 swamp dragon scales (worn)
 G - a +1 cloak of stealth (worn)
Jewellery
 w - a ring of resist corrosion (left hand)
Wands
 o - a wand of flame (45)
 I - a wand of mindburst (1)
Scrolls
 j - 10 scrolls of identify {unknown}
 k - 2 scrolls of blinking {unknown}
 m - a scroll of enchant armour {unknown}
 n - 5 scrolls of teleportation
 p - a scroll of fear {unknown}
 q - a scroll of torment {unknown}
 s - a scroll of enchant weapon {unknown}
 u - a scroll of butterflies {unknown}
 y - 2 scrolls of amnesia
 B - a scroll of poison {unknown}
 C - a scroll of silence {unknown}
 F - a scroll of immolation {unknown}
Potions
 d - a potion of might
 f - a potion of enlightenment {unknown}
 g - a potion of mutation {unknown}
 h - 2 potions of lignification {unknown}
 i - 2 potions of curing
 l - 2 potions of haste {unknown}
 r - a potion of brilliance {unknown}
 v - a potion of degeneration {unknown}
 x - 2 potions of heal wounds {unknown}
 z - a potion of invisibility {unknown}


   Skills:
 + Level 8.2 Fighting
 * Level 11.4 Axes
 + Level 4.3 Throwing
 + Level 7.4 Armour
 + Level 4.8 Dodging
 - Level 3.2 Shields
 + Level 3.9 Invocations
 + Level 4.5 Evocations


You had 9 spell levels left.
You didn't know any spells.
Your spell library contained the following spells:

 Spells                   Type           Power      Damage    Failure   Level
 Summon Small Mammal      Summ           0%         N/A       83%         1
 Sublimation of Blood     Necr           0%         N/A       93%         2
 Wereblood                Tmut           0%         N/A       93%         2
 Call Canine Familiar     Summ           0%         N/A       99%         3
 Ignite Poison            Fire/Tmut/Pois 0%         N/A       99%         3
 Summon Guardian Golem    Hex/Summ       0%         N/A       99%         3
 Sticky Flame             Conj/Fire      0%         2d3       100%        4
 Summon Hydra             Summ           0%         N/A       100%        7
 Ignition                 Fire           0%         3d3       100%        8


Dungeon Overview and Level Annotations

Branches:
Dungeon (9/15)             Temple (0/1) D:5
   Lair: D:8-11         Orc: D:9-12

Altars:
Elyvilon
Fedhas
Okawaru
Trog
Xom

Shops:
D:1 *   D:3 *   D:7 *

Annotations:
D:8 2 transporters, flestrin's ghost, novice HOFi


Message History

The basilisk is heavily wounded.
You block the basilisk's attack.
You slash the basilisk!
The basilisk is almost dead.
The basilisk gazes at you. You resist with some effort.
You barely miss the basilisk.
The basilisk is almost dead.
The basilisk bites you but does no damage.
You slash the basilisk!
You kill the basilisk!
Beogh accepts your kill.
You hit the gargoyle.
The gargoyle is lightly damaged.
The gargoyle hurls a stone arrow at you.
You block the stone arrow.
You hit the gargoyle.
The gargoyle is moderately damaged.
You feel a little less mighty now. You block the gargoyle's attack.
You barely miss the gargoyle.
The gargoyle is moderately damaged.
The gargoyle hurls a stone arrow at you.
The stone arrow misses you.
You hit the gargoyle but do no damage.
The gargoyle is moderately damaged.
The gargoyle hits you with a +0 flail!
* * * LOW HITPOINT WARNING * * *
You block the gargoyle's attack.
You hit the gargoyle but do no damage.
The gargoyle is moderately damaged.
You block the gargoyle's attack.
You hit the gargoyle.
The gargoyle is heavily damaged.
The gargoyle hits you but does no damage.
You hit the gargoyle but do no damage.
The gargoyle is heavily damaged.
The gargoyle hurls a stone arrow at you.
The stone arrow hits you!
You die...

.# #.# #.# #.# .# #.# ###
#.##### .. . #.. ##.....
## ..##. #..... ..V #
####+#### #..... ..y.
#.......# #..... )....
#.⌠...⌠.##+####...
$(....##..⌠....##.888#...
#[.....9@..⌠...#8..).'...
?(....##....⌠..##.888####
(.... #.⌠...⌠.##'#### #
.... #..))...#...# # ...
####)####..## # ..
#)..†'.#)# # . ##...#####
# ##### # #


You could see a gargoyle.

Vanquished Creatures
  A centaur warrior (D:9)
  A cyclops (D:9)
  Maggie (D:7)
  Joseph (D:7)
  A hornet (D:7)
  A shadow (D:9)
  A vampire (D:9)
  A yak (D:9)
  A basilisk (D:9)
  A steam dragon (D:8)
  A vampire mosquito (D:9)
  An acid dragon (D:8)
  An orc warrior (D:8)
  2 sky beasts
  4 ice beasts (D:6)
  An ogre (D:4)
  2 kobold brigands (D:9)
  A phantom (D:5)
  4 bullfrogs
  2 scorpions
  13 wights
  5 killer bees
  2 howler monkeys
  A hound (D:5)
  2 jellies
  Jessica (D:2)
  2 orc wizards
  4 iguanas
  10 adders
  4 gnolls
  4 white imps
  An ufetubus (D:6)
  2 worms (D:2)
  6 dart slugs
  11 orcs
  2 endoplasms (D:1)
  4 goblins
  5 hobgoblins
  12 jackals
  10 kobolds
  A quokka (D:3)
  10 ball pythons
  3 bats
  2 frilled lizards
  4 rats
150 creatures vanquished.

Vanquished Creatures (others)
  A wight (D:7)
  2 orc priests (D:7)
  An orc wizard (D:7)
4 creatures vanquished.

Grand Total: 154 creatures vanquished

Notes
Turn   | Place    | Note
-------+----------+-------------------------------------------
     0 | D:1      | mopl the Hill Orc Fighter began the quest for the Orb.
     0 | D:1      | Reached XP level 1. HP: 19/19 MP: 1/1
    80 | D:1      | Reached skill level 3 in Axes
    87 | D:1      | Reached XP level 2. HP: 21/27 MP: 2/2
   164 | D:1      | Reached XP level 3. HP: 31/33 MP: 3/3
   257 | D:1      | Reached skill level 4 in Fighting
   272 | D:1      | Found Uphylyva's General Store.
   284 | D:1      | Bought 2 potions of curing for 60 gold pieces
   590 | D:1      | Bought a scroll of teleportation for 30 gold pieces
   707 | D:2      | Found a shimmering altar of Xom.
   721 | D:2      | Reached skill level 1 in Dodging
   776 | D:2      | Reached skill level 4 in Axes
   791 | D:2      | Reached XP level 4. HP: 40/40 MP: 4/4
   807 | D:2      | Noticed Jessica
   811 | D:2      | Killed Jessica
   969 | D:1      | Reached skill level 4 in Armour
   969 | D:1      | Reached XP level 5. HP: 37/47 MP: 5/5
  1523 | D:3      | Reached skill level 5 in Axes
  1817 | D:3      | Found Toijazul's General Store.
  1827 | D:3      | Bought a scroll of amnesia for 40 gold pieces
  1938 | D:4      | Reached XP level 6. HP: 47/53 MP: 6/6
  2036 | D:4      | Found an iron altar of Okawaru.
  2218 | D:3      | Reached skill level 5 in Fighting
  2218 | D:3      | Reached skill level 2 in Dodging
  2302 | D:3      | Reached skill level 6 in Axes
  2481 | D:4      | Reached XP level 7. HP: 48/61 MP: 7/7
  2903 | D:5      | Entered Level 5 of the Dungeon
  2912 | D:5      | Reached skill level 5 in Armour
  2959 | D:5      | Reached skill level 7 in Axes
  3103 | D:5      | Found a white marble altar of Elyvilon.
  3315 | D:5      | Found a staircase to the Ecumenical Temple.
  3462 | D:6      | Reached XP level 8. HP: 44/70 MP: 8/8
  3543 | D:6      | Reached skill level 6 in Fighting
  3543 | D:6      | Reached skill level 1 in Throwing
  3543 | D:6      | Reached skill level 3 in Dodging
  3543 | D:6      | Reached skill level 1 in Evocations
  3786 | D:6      | Reached skill level 8 in Axes
  4190 | D:6      | Reached skill level 2 in Evocations
  4376 | D:7      | Noticed a hornet
  4387 | D:7      | Paralysed by a hornet for 3 turns
  4391 | D:7      | Killed a hornet
  4392 | D:7      | Reached skill level 2 in Throwing
  4641 | D:7      | Reached skill level 6 in Armour
  4641 | D:7      | Reached XP level 9. HP: 71/78 MP: 9/9
  4688 | D:7      | Reached skill level 9 in Axes
  4751 | D:7      | Noticed Maggie
  4783 | D:7      | Killed Maggie
  4784 | D:7      | Reached skill level 7 in Fighting
  5153 | D:7      | Reached skill level 3 in Evocations
  5178 | D:7      | Noticed Joseph
  5193 | D:7      | Killed Joseph
  5194 | D:7      | Reached skill level 3 in Throwing
  5194 | D:7      | Reached skill level 4 in Dodging
  5232 | D:7      | Found Cutoc's Assorted Antiques.
  5251 | D:7      | Bought a scroll labelled HUNKAY FATOH for 31 gold pieces
  5251 | D:7      | Bought a scroll labelled OCWYXE GECZEP for 31 gold pieces
  5251 | D:7      | Bought an embroidered cloak for 232 gold pieces
  5279 | D:7      | Became a worshipper of Beogh the Brigand
  5558 | D:8      | Reached skill level 10 in Axes
  5589 | D:8      | Reached skill level 1 in Invocations
  5639 | D:8      | Noticed a hornet
  5641 | D:8      | Noticed a queen bee
  5643 | D:8      | Noticed flestrin's ghost (novice HOFi)
  5644 | D:8      | Found a transporter.
  5709 | D:8      | Found a transporter.
  5798 | D:8      | Found a blossoming altar of Fedhas.
  5800 | D:8      | Found a bloodstained altar of Trog.
  5960 | D:8      | Reached skill level 2 in Invocations
  5971 | D:8      | Reached XP level 10. HP: 28/86 MP: 11/11
  6520 | D:8      | Reached skill level 7 in Armour
  6808 | D:9      | Reached skill level 4 in Evocations
  6820 | D:9      | Reached skill level 3 in Invocations
  6936 | D:9      | Noticed a cyclops
  6936 | D:9      | Noticed a centaur warrior
  6937 | D:9      | Noticed a gargoyle
  6954 | D:9      | Killed a centaur warrior
  6955 | D:9      | Reached skill level 8 in Fighting
  6955 | D:9      | Reached skill level 11 in Axes
  6955 | D:9      | Reached skill level 4 in Throwing
  6959 | D:9      | Killed a cyclops
  6959 | D:9      | Reached * piety under Beogh
  6999 | D:9      | Killed from afar by a gargoyle

Illustrated notes

Levels and vault maps discovered:
D:1:      dpeg_arrival_radiant, layout_basic, serial_rivers,
          chequers_serial_rivers_small_3, chequers_serial_rivers_micro_c,
          chequers_serial_rivers_micro_e, chequers_serial_rivers_micro_b,
          chequers_serial_rivers_small_a, serial_shops, shop_statue
D:2:      layout_loops_cross, basic_altar, uniq_jessica
D:3:      layout_rooms, serial_shops, nicolae_lakefront_shop
D:4:      layout_basic, nicolae_overflow_crystal_walls
D:5:      wander_river, layout_rooms, elyvilon_altar_3,
          minmay_temple_entry_antechambers, grunt_decor_mini_mirrors
D:6:      layout_loops_ring, grunt_ministairs_5
D:7:      layout_basic, serial_shops, shop_coins, uniq_joseph, uniq_maggie
D:8:      layout_loops_ring, chequers_temple_overflow_statue_of_worship,
          gammafunk_ghost_hive
D:9:      minmay_chambers_of_sevens, layout_small_grid, lair_entry_dummy,
          hiddenorc1_lemuel, amcnicky_mini_rare_corridor_liquid,
          kennysheep_small_square

Skill      XL: |  1  2  3  4  5  6  7  8  9 10 |
---------------+-------------------------------+-----
Axes           | 3 4 5 6 7 8 10 11 | 11.4
Fighting       | 4 5 6 7 8 |  8.2
Dodging        | 1 2 3 4 |  4.8
Armour         | 4 5 6 7 |  7.4
Throwing       | 2 3 4 |  4.3
Evocations     | 2 3 4 |  4.5
Invocations    | 2 3 |  3.9
Shields        | |  3.2

Action                     |  1- 3 |  4- 6 |  7- 9 | 10-12 || total
---------------------------+-------+-------+-------+-------++-------
  Melee: War axe           |    87 |   132 |   348 |   141 ||   708
  Throw: Dart              |       |     1 |     6 |       ||     7
 Invoke: Convert to Beogh  |       |       |     1 |       ||     1
    Use: Potion            |       |     1 |     1 |     2 ||     4
         Scroll            |       |       |       |     1 ||     1
 Armour: Scale mail        |    42 |    44 |    62 |       ||   148
         Swamp dragon scal |       |       |    41 |    45 ||    86
  Dodge: Dodged            |    49 |    47 |   123 |    44 ||   263
  Block: Buckler           |    14 |       |       |       ||    14
         Kite shield       |    33 |    86 |   186 |    58 ||   363

Table legend: (Time is in decaauts)
 A = Elapsed time spent in this place.
 B = Non-inter-level travel time spent in this place.
 C = Inter-level travel time spent in this place.
 D = Time resting spent in this place.
 E = Time spent auto-exploring this place.
 F = Levels seen in this place.
 G = Mean time per level.
                   A        B        C        D        E       F      G
               +--------+--------+--------+--------+--------+-----+--------+
         Total |   7213 |   6960 |    253 |   1390 |   3947 |   9 |  801.4 |
       Dungeon |   7213 |   6960 |    253 |   1390 |   3947 |   9 |  801.4 |
               +--------+--------+--------+--------+--------+-----+--------+

Top non-repeatable levels by time:
     D:7: 1207 daAuts
     D:8: 1103 daAuts
     D:6: 953 daAuts
     D:3: 891 daAuts
     D:4: 761 daAuts
     D:1: 749 daAuts
     D:2: 606 daAuts
     D:5: 568 daAuts
     D:9: 369 daAuts
